 Dungeon Crawl Stone Soup version 0.22-a0-558-gc224181 (webtiles) character file.

53 iamserjio the Covered (level 3, -2/23 HPs)
             Began as a Gargoyle Fighter on June 26, 2018.
             Killed from afar by an orc wizard (10 damage)
             ... with a puff of frost
             ... on level 4 of the Dungeon.
             The game lasted 00:02:33 (395 turns).

iamserjio the Covered (Gargoyle Fighter)             Turns: 395, Time: 00:02:33

Health: -2/23      AC: 10    Str: 19    XL:     3   Next: 87%
Magic:  3/3        EV:  7    Int:  8    God:
Gold:   75         SH:  9    Dex: 10    Spells: 2/2 levels left

rFire    . . .     SeeInvis .   a - +0 war axe
rCold    . . .     Gourm    .   c - +0 shield
rNeg     + . .     Faith    .   b - +0 scale mail
rPois    ∞         Spirit   .   (no helmet)
rElec    +         Reflect  .   (no cloak)
rCorr    .         Harm     .   (no gloves)
MR       .....                  (no boots)
Stlth    ..........             (no amulet)
HPRegen  0.07/turn              (no ring)
MPRegen  0.08/turn              (no ring)

@: no status effects
A: negative energy resistance 1, electricity resistance, unbreathing,
petrification resistance, rot immunity, AC +3
a: no special abilities


You were on level 4 of the Dungeon.
You were not hungry.

You visited 1 branch of the dungeon, and saw 4 of its levels.

You collected 75 gold pieces.

Inventory:

Hand Weapons
 a - a +0 war axe (weapon)
Armour
 b - a +0 scale mail (worn)
 c - a +0 shield (worn)
Potions
 d - a potion of might
 e - a potion of heal wounds {unknown}
 g - a potion of haste {unknown}
 h - a potion of brilliance {unknown}
Comestibles
 f - 3 rations


   Skills:
 - Level 3.2 Fighting
 * Level 3.1 Axes
 + Level 4.0 Armour
 - Level 3.2 Shields


You had 2 spell levels left.
You didn't know any spells.
Your spell library contained the following spells:

 Spells                   Type           Power        Failure   Level  Hunger
 Spider Form              Tmut/Pois      #.........   100%        3    ####...
 Blade Hands              Tmut           #.........   100%        5    ######.
 Ice Form                 Ice/Tmut       #.......     100%        4    #####..
 Sticks to Snakes         Tmut           #.......     100%        2    ###....
 Beastly Appendage        Tmut           #.....       99%         1    ##.....


Dungeon Overview and Level Annotations

Branches:
Dungeon (4/15)
 Temple: D:4-7

Altars:


Innate Abilities, Weirdness & Mutations

You are resistant to torment.
Your stone body is resilient. (AC +3)
You are immune to poison.
You resist negative energy. (rN+)
You are resistant to electric shocks. (rElec)
You can survive without breathing.
You are immune to petrification.
You are immune to rotting.


Message History

Deactivating autopickup; reactivate with Ctrl-A.
The orc wizard hits you but does no damage.
The quokka bites you.
You closely miss the orc wizard. You barely miss the orc.
You barely miss the quokka. The quokka barely misses you.
The orc barely misses you. The orc hits you with a flail.
The quokka barely misses you.
You barely miss the orc wizard. You miss something. You slash the quokka!
You kill the quokka!
Your Armour skill increases to level 4!
You closely miss the orc. You slash the orc!
You kill the orc!
Something hits you. You block the orc wizard's attack.
You block the orc's attack.
You closely miss the orc wizard. You barely miss the orc.
You hit something but do no damage.
You hear some strange, mumbled words.
A puff of frost appears from out of thin air!
The puff of frost hits you!
You die...

....###..##.......##........PP≈.#
...............##.##..####......#
...####.###..#.##.##.## ########
<....##.##..##.##.##.##
...#.......##.........#
....##......#.........#
.>......###...........#
..........###.........#
.....#.......?.)@o....# ........
.###..o)..#### ..#..## ###.....#
#...#..# ....#...# .......###
##....... .#..≈≈≈


You could see an orc wizard and an orc.

Vanquished Creatures
  An adder (D:3)
  An ooze (D:4)
  3 adder skeletons (D:4)
  A worm (D:4)
  A dart slug (D:4)
  3 orcs (D:4)
  A bat (D:3)
  A giant cockroach (D:4)
  A goblin (D:2)
  A hobgoblin (D:2)
  3 jackals (D:2)
  A quokka (D:4)
  A ball python (D:2)
  A frilled lizard (D:2)
  A jackal skeleton (D:4)
  2 kobolds
  A leopard gecko skeleton (D:4)
  A rat (D:1)
25 creatures vanquished.

Notes
Turn   | Place    | Note
-------+----------+-------------------------------------------
     0 | D:1      | iamserjio the Gargoyle Fighter began the quest for the Orb.
     0 | D:1      | Reached XP level 1. HP: 14/14 MP: 1/1
   173 | D:2      | Reached XP level 2. HP: 15/19 MP: 2/2
   306 | D:4      | Reached XP level 3. HP: 23/23 MP: 3/3
   394 | D:4      | Reached skill level 4 in Armour
   395 | D:4      | Killed from afar by an orc wizard

Vault maps used:
D:1:      ncdulo_wetmaze
D:2:      feat_on_display
D:3:      fedhas_altar_4
D:4:      grunt_temple_overflow_open, first_ration, serial_bayou_lagoon_a,
          minmay_crystal_water

Skill      XL: |  1  2  3 |
---------------+----------+-----
Axes           | 2 3 |  3.1
Armour         | 4 |  4.0
Fighting       | |  3.2
Shields        | |  3.2

Action                   || total
-------------------------++-------
Melee: War axe           ||    92
Armor: Scale mail        ||    60
Dodge: Dodged            ||    30
Block: Shield            ||    52

Table legend:
 A = Spawn XP
 B = Non-spawn XP
 C = Spawn XP percentage of total XP
 D = Spawn monster count
 E = Non-spawn monster count
 F = Spawn count percentage of total count
 G = Total turns spent on level
                    A         B        C        D         E        F      G
               +---------+---------+-------+---------+---------+-------+---------
         Total |       0 |      76 |   0.0 |       0 |      25 |   0.0 |   395
               +---------+---------+-------+---------+---------+-------+---------
           D:1 |       0 |       2 |   0.0 |       0 |       2 |   0.0 |    86
           D:2 |       0 |      13 |   0.0 |       0 |       8 |   0.0 |   164
           D:3 |       0 |      15 |   0.0 |       0 |       2 |   0.0 |    49
           D:4 |       0 |      46 |   0.0 |       0 |      13 |   0.0 |    96
               +---------+---------+-------+---------+---------+-------+---------
